 Dungeon Crawl Stone Soup version 0.17-a0-737-gf0a300a (webtiles) character file.

7 Ololoev the Stinger (level 1, -2/13 HPs)
             Began as a Mummy Venom Mage on Apr 29, 2015.
             Slain by a kobold
             ... wielding a +0 club
              (6 damage)
             ... on level 1 of the Dungeon.
             The game lasted 00:02:01 (317 turns).

Ololoev the Stinger (Mummy Venom Mage)               Turns: 317, Time: 00:02:01

Health: -2/13      AC:  3    Str: 11    XL:     1   Next: 91%
Magic:  0/3        EV: 12    Int: 14    God:
Gold:   21         SH:  0    Dex: 12    Spells: 1 memorised, 3 levels left

rFire  x . .     SeeInvis .     (no weapon)
rCold  + . .     Clarity  .     a - +0 robe
rNeg   + + +     SustAb   .     (no shield)
rPois  ∞         Gourm    .     (no helmet)
rElec  .         Spirit   .     d - +0 cloak
rCorr  .         Warding  .     (no gloves)
rMut   .         Stasis   .     (no boots)
MR     .....                    (no amulet)
Stlth  ++........               (no ring)
                                (no ring)

@: very slightly contaminated, not resistant to hostile enchantments, unstealthy
A: no food or potions, fire vulnerability, cold resistance 1, negative energy
resistance 3, torment resistance, unbreathing
a: no special abilities


Innate Abilities, Weirdness & Mutations

You do not eat or drink.
Your flesh is vulnerable to fire.
You are immune to poison.
Your flesh is cold resistant.
You are immune to negative energy.
You are immune to unholy pain and torment.
You can survive without breathing.

Inventory:

Armour
 a - a +0 robe (worn)
 d - a +0 cloak (worn)
Scrolls
 c - a scroll of remove curse {unknown}
 e - a scroll of random uselessness {unknown}
Books
 b - a Young Poisoner's Handbook

   Spells                             Type                      Level
   a - Sting                          Conjuration/Poison           1
   b - Cure Poison                    Poison                       2
   c - Mephitic Cloud                 Conjuration/Poison/Air       3
   d - Olgreb's Toxic Radiance        Poison                       4
   e - Venom Bolt                     Conjuration/Poison           5


   Skills:
 - Level 1.5 Dodging
 - Level 1.5 Stealth
 + Level 2.1 Spellcasting
 * Level 3.5 Poison Magic


You had 3 spell levels left.
You knew the following spells:

 Your Spells              Type           Power        Failure   Level  Hunger
a - Sting                 Conj/Pois      #...         14%         1    N/A


You were on level 1 of the Dungeon.
You were not hungry.

You visited 1 branch of the dungeon, and saw 1 of its levels.

You collected 21 gold pieces.

#+# ####.....#.....
#%#####.......#......
##.##.................
#...####...............
#...######..##.##.....
##...##.....†...# ##.#
####..8..#####....## ..#
###...........###....# ..#
+.....8.<.8...@K'....##.# ≈P
###...........###.......♣P≈≈≈
####..8..#########.....♣≈≈≈
##...## ##>..........♣♣
#...####.......##......
#...#....##.##....†....
##.####...#.######.....
#.##...#.#.# .. ##)#........#

Notes
Turn   | Place    | Note
--------------------------------------------------------------
     0 | D:1      | Ololoev, the Mummy Venom Mage, began the quest for the Orb.
     0 | D:1      | Reached XP level 1. HP: 13/13 MP: 3/3
   317 | D:1      | Slain by a kobold

Dungeon Overview and Level Annotations

Branches:
Dungeon (1/15)

Altars:


Message History

A kobold comes into view. It is wielding a club.
A kobold is nearby!
You barely miss the kobold. The kobold hits you with a club.
You closely miss the kobold. The kobold hits you but does no damage.
You miss the kobold. The kobold barely misses you.
Casting: Sting
Confirm with . or Enter, or press ? or * to list all spells.
Aiming: Sting
Press: ? - help, Shift-Dir - straight line, f - kobold
Aim: a kobold, wielding a club The sting hits the kobold.
The kobold is moderately wounded.
The kobold misses you.
Casting: Sting
Confirm with . or Enter, or press ? or * to list all spells.
Aiming: Sting
Press: ? - help, Shift-Dir - straight line, f/p - kobold
Aim: a kobold, wielding a club (moderately wounded)
The sting misses the kobold.
The kobold hits you with a club.
The kobold throws a stone.
The stone hits you.
You see here a stone.
Casting: Sting
Confirm with . or Enter, or press ? or * to list all spells.
Aiming: Sting
Press: ? - help, Shift-Dir - straight line, f/p - kobold
Aim: a kobold, wielding a club (moderately wounded)
You miscast Sting.
You are very lightly contaminated with residual magic.
Sparks fly from your hands!
You see here a goblin corpse.
There is an open door here.
Casting: Sting
Confirm with . or Enter, or press ? or * to list all spells.
Aiming: Sting
Press: ? - help, Shift-Dir - straight line, f/p - kobold
Aim: a kobold, wielding a club (moderately wounded)
The sting hits the kobold.
The kobold appears unharmed.
The kobold is moderately wounded.
The kobold hits you with a club.
You die...

You could see a kobold.

Vanquished Creatures
  A giant gecko (D:1)
  2 bats (D:1)
  A hobgoblin (D:1)
  A giant newt (D:1)
  2 goblins (D:1)
7 creatures vanquished.

Action                   || total
-------------------------++-------
Melee: Unarmed           ||     9
 Cast: Sting             ||    19

Vault maps used:
D:1:      evilmike_arrival_plus, serial_bayou_ford_a, grunt_decor_resistance,
          columned_hall_lemuel
